 Dungeon Crawl Stone Soup version 0.23.0 (webtiles) character file.

Game seed: 10315568745080618411

90 snowfan the Firebug (level 4, -3/27 HPs)
             Began as an Octopode Fire Elementalist on Feb 12, 2019.
             Slain by a river rat (6 damage)
             ... in a sewer.
             The game lasted 00:20:55 (2001 turns).

snowfan the Firebug (Octopode Fire Elementalist)    Turns: 2001, Time: 00:20:56

Health: -3/27      AC:  3    Str:  7    XL:     4   Next: 56%
Magic:  2/9        EV: 14    Int: 18    God:
Gold:   116        SH:  0    Dex: 12    Spells: 3/9 levels left

rFire    . . .     SeeInvis .   f - +0 short sword
rCold    . . .     Gourm    .   (no shield)
rNeg     . . .     Faith    .   n - +2 hat
rPois    .         Spirit   .   a - amulet of magic regeneration
rElec    .         Reflect  .   (no ring)
rCorr    .         Harm     .   (no ring)
MR       .....                  (no ring)
Stlth    +++.......             (no ring)
HPRegen  0.09/turn              (no ring)
MPRegen  0.36/turn              (no ring)
                                (no ring)
                                (no ring)

@: very slightly contaminated
A: almost no armour, stealthy swim, amphibious, 8 rings, constrict 8, camouflage
1, gelatinous body 1
a: no special abilities


You were in a sewer.
You were not hungry.

You visited 1 branch of the dungeon, and saw 3 of its levels.
You also visited: Sewer.

You collected 116 gold pieces.

Inventory:

Hand Weapons
 f - a +0 short sword (weapon)
 g - a +0 hunting sling
Missiles
 m - 39 stones
 q - 7 javelins (quivered)
Armour
 n - a +2 hat (worn)
Jewellery
 a - an amulet of magic regeneration (around mantle)
Wands
 s - a wand of acid (7)
Scrolls
 d - 5 scrolls of identify {unknown}
 e - a scroll of noise {unknown}
 h - a scroll of magic mapping {unknown}
 i - 2 scrolls of enchant weapon {unknown}
 k - a scroll of fog {unknown}
 l - a scroll of enchant armour {unknown}
 p - 2 scrolls of teleportation {unknown}
Potions
 c - 2 potions of agility {unknown}
 o - a potion of flight {unknown}
 r - a potion of invisibility {unknown}
 t - a potion of haste {unknown}
Comestibles
 b - 5 rations
 j - 3 chunks of flesh


   Skills:
 - Level 3.0 Dodging
 - Level 2.6 Stealth
 + Level 3.4 Spellcasting
 - Level 1.0 Conjurations
 + Level 3.4 Fire Magic


You had 3 spell levels left.
You knew the following spells:

 Your Spells              Type           Power        Failure   Level  Hunger
a - Flame Tongue          Conj/Fire      ##...        6%          1    None
d - Conjure Flame         Conj/Fire      ##......     19%         3    ###....
s - Throw Flame           Conj/Fire      ##....       10%         2    ##.....

Your spell library contained the following spells:

 Spells                   Type           Power        Failure   Level  Hunger
 Inner Flame              Hex/Fire       #.......     24%         3    ###....
 Sticky Flame             Conj/Fire      ##......     52%         4    ####...
 Fireball                 Conj/Fire      ##........   86%         5    ######.


Dungeon Overview and Level Annotations

Branches:
Dungeon (3/15)

Altars:
Fedhas


Innate Abilities, Weirdness & Mutations

You cannot wear most types of armour.
You are very stealthy in the water. (Stealth+)
You are amphibious.
You can wear up to eight rings at the same time.
You can use your tentacles to constrict eight enemies at once.
Your skin changes colour to match your surroundings (Stealth+).
Your rubbery body absorbs attacks. (AC +1, EV +1)


Message History

You are very lightly contaminated with residual magic.
You smell smoke.
The river rat bites you!
Casting: Flame Tongue (safe; 6% risk of failure)
Confirm with . or Enter, or press ? or * to list all spells.
Aiming: Flame Tongue (safe; 6% risk of failure)
Press: ? - help, Shift-Dir - straight line, f/p - river rat
Aim: a river rat (moderately wounded)
The flame tongue hits the river rat.
The river rat is heavily wounded.
The river rat bites you.
* * * LOW HITPOINT WARNING * * *
Casting: Flame Tongue (safe; 6% risk of failure)
Confirm with . or Enter, or press ? or * to list all spells.
Aiming: Flame Tongue (safe; 6% risk of failure)
Press: ? - help, Shift-Dir - straight line, f/p - river rat
Aim: a river rat (heavily wounded)
The flame tongue hits the river rat but does no damage.
The river rat is heavily wounded.
The river rat bites you.
You die...

#.#
#(#
#.#
#.#
#∩#
#†#
#∩#
#r#
#@#
#†#
#.#
#.#
#.#
#≈#
#≈#
#≈#


You could see a river rat.

Vanquished Creatures
  4 adders
  A worm (D:2)
  A dart slug (D:1)
  4 leopard geckos
  5 bats
  2 giant cockroaches (D:1)
  2 goblins
  5 hobgoblins
  2 jackals (D:1)
  3 kobolds
  3 quokkas
  A ball python (D:3)
  3 frilled lizards
  8 rats
44 creatures vanquished.

Notes
Turn   | Place    | Note
-------+----------+-------------------------------------------
     0 | D:1      | snowfan the Octopode Fire Elementalist began the quest for
                  | the Orb.
     0 | D:1      | Reached XP level 1. HP: 11/11 MP: 3/3
   532 | D:1      | Reached XP level 2. HP: 17/17 MP: 5/5
  1125 | D:2      | Reached XP level 3. HP: 21/21 MP: 7/7
  1191 | D:2      | Learned a level 2 spell: Throw Flame
  1195 | D:2      | Learned a level 3 spell: Conjure Flame
  1644 | D:3      | Found a blossoming altar of Fedhas.
  1696 | D:3      | Reached XP level 4. HP: 27/27 MP: 5/8
  1972 | D:3      | Found a glowing drain.
  1985 | Sewer    | Entered a sewer
  2001 | Sewer    | Slain by a river rat

Skill      XL: |  1  2  3 |
---------------+----------+-----
Spellcasting   | 3 |  3.4
Dodging        | 3 |  3.0
Stealth        | |  2.6
Conjurations   | |  1.0
Fire Magic     | |  3.4

Action                   |  1- 3 |  4- 6 || total
-------------------------+-------+-------++-------
Melee: Short sword       |     9 |     4 ||    13
       Constrict         |     3 |       ||     3
       Unarmed           |     1 |       ||     1
 Fire: Hunting sling     |    31 |     2 ||    33
Throw: Javelin           |     3 |     1 ||     4
 Cast: Flame Tongue      |    31 |    21 ||    52
       Throw Flame       |     3 |     2 ||     5
       Conjure Flame     |       |     1 ||     1
 Stab: Sleeping          |     5 |     3 ||     8
  Eat: Chunk             |     2 |     2 ||     4
Armor: Skin              |     3 |     1 ||     4
Dodge: Dodged            |    10 |     5 ||    15
